 Dungeon Crawl Stone Soup version 0.24.0-123-gd5b16e6ec5 (webtiles) character file.

Game seed: 2312501637866415978, levelgen mode: deterministic

480 Krotfred the Caller (level 6, 0/32 HPs)
             Began as a Deep Elf Summoner on Jan 16, 2020.
             Slain by Grum
             ... wielding a -1 spear
              (7 damage)
             ... on level 5 of the Dungeon.
             The game lasted 01:02:53 (5898 turns).

Krotfred the Caller (Deep Elf Summoner)             Turns: 5898, Time: 01:02:53

Health: 0/32       AC:  5    Str:  7    XL:     6   Next: 86%
Magic:  8/17       EV: 13    Int: 20    God:
Gold:   291        SH:  0    Dex: 15    Spells: 4/18 levels left

rFire    . . .     SeeInvis .   z - +3 spear (pierce)
rCold    . . .     Gourm    .   (no shield)
rNeg     + . .     Faith    .   a - +0 robe
rPois    .         Spirit   .   (no helmet)
rElec    .         Reflect  .   x - +2 cloak
rCorr    .         Harm     .   (no gloves)
MR       .....                  (no boots)
Stlth    ++........             (no amulet)
HPRegen  0.10/turn              o - ring of positive energy
MPRegen  0.15/turn              v - ring of wizardry

@: no status effects
A: no striking features
a: no special abilities


You were on level 5 of the Dungeon.
You were near starving.

You visited 1 branch of the dungeon, and saw 5 of its levels.

You collected 291 gold pieces.

Inventory:

Hand Weapons
 z - a +3 spear of piercing (weapon)
Armour
 a - a +0 robe (worn)
 i - a +0 cloak
 x - a +2 cloak (worn)
 y - a +0 pair of boots
Jewellery
 o - a ring of positive energy (left hand)
 s - a cursed -2 ring of protection {unknown}
 v - a ring of wizardry (right hand)
Wands
 e - a wand of paralysis (9)
 u - a wand of enslavement (7)
Scrolls
 b - a scroll of fear
 d - a scroll of remove curse {unknown}
 f - a scroll of amnesia
 h - 2 scrolls of teleportation {unknown}
 j - a scroll of magic mapping
 l - a scroll of enchant weapon {unknown}
 m - a scroll of fog {unknown}
 n - a scroll of blinking {unknown}
 q - a scroll of enchant armour {unknown}
 r - a scroll of immolation {unknown}
 t - 2 scrolls of random uselessness {unknown}
 w - a scroll of torment {unknown}
 B - a scroll of identify
Potions
 g - 2 potions of haste
 k - a potion of mutation {unknown}
 p - a potion of cancellation {unknown}
 A - a potion of ambrosia {unknown}
Comestibles
 c - 6 rations


   Skills:
 + Level 0.1 Fighting
 + Level 3.0 Dodging
 + Level 2.9 Stealth
 + Level 0.1 Unarmed Combat
 + Level 6.7 Spellcasting
 + Level 7.1 Summonings


You had 4 spell levels left.
You knew the following spells:

 Your Spells              Type           Power        Failure   Level  Hunger
a - Summon Small Mammal   Summ           ####         1%          1    None
b - Call Imp              Summ           #####...     1%          2    None
c - Summon Lightning Spi  Summ/Air       ###.....     9%          4    ###....
d - Summon Ice Beast      Ice/Summ       ###.....     9%          4    ###....
e - Call Canine Familiar  Summ           #####...     1%          3    #......

Your spell library contained the following spells:

 Spells                   Type           Power        Failure   Level  Hunger
 Summon Guardian Golem    Hex/Summ       ###.....     2%          3    #......
 Animate Skeleton         Necr           N/A          4%          1    None
 Apportation              Tloc           #.....       4%          1    None
 Confusing Touch          Hex            #.....       4%          1    None


Dungeon Overview and Level Annotations

Branches:
Dungeon (5/15)             Temple (0/1) D:4

Altars:
Cheibriados
Okawaru
Qazlal

Annotations:
D:5 Grum


Message History

Your hound bites Grum.
Your white imp gestures at Grum.
The puff of frost hits Grum.
Grum barely misses your white imp.
Your hound completely misses Grum.
Your white imp hits Grum but does no damage.
Your hound barely misses Grum.
Your crimson imp blinks!
Grum hits your white imp with a -1 spear!
Your hound bites Grum but does no damage.
Your white imp gestures at Grum.
The puff of frost hits Grum!
Grum hits your white imp with a -1 spear!
Your white imp dies!
Grum growls angrily.
Casting: Call Imp (safe; 1% risk of failure)
Confirm with . or Enter, or press ? or * to list all spells.
A beastly little devil appears in a puff of flame.
Your hound bites Grum.
Your hound closely misses Grum.
Grum hits you from afar with a -1 spear!
You die...

............##..........#
#..........####.........#
.........##..'.........#
.........##..'.........##
.....##...####..#'''#...#
......##..##...##..#
##.......g# ...##..#
#........h##...##5.#
.........5@#####...#
........5...###....#
...................#
....##......######.#
............# .#
...........## .# ..
#.....#.. ## #........
.......


You could see Grum, a friendly hound and 2 friendly crimson imps.

Vanquished Creatures
  A howler monkey (D:5)
  An adder (D:2)
  A rat (D:1)
3 creatures vanquished.

Vanquished Creatures (collateral kills)
  A sky beast (D:5)
  3 ogres (D:4)
  A gnoll sergeant (D:5)
  A bullfrog (D:4)
  A crimson imp (D:5)
  5 hounds (D:5)
  A hound skeleton (D:4)
  2 gnolls (D:5)
  6 adders
  A shadow imp (D:5)
  An adder skeleton (D:4)
  4 worms
  A dart slug (D:3)
  A leopard gecko (D:1)
  8 orcs
  3 giant cockroaches
  5 goblins
  5 hobgoblins
  8 jackals
  3 quokkas
  3 ball pythons
  13 bats
  4 frilled lizards
  5 kobolds
  5 rats
91 creatures vanquished.

Grand Total: 94 creatures vanquished

Notes
Turn   | Place    | Note
-------+----------+-------------------------------------------
     0 | D:1      | Krotfred the Deep Elf Summoner began the quest for the Orb.
     0 | D:1      | Reached XP level 1. HP: 10/10 MP: 6/6
   138 | D:1      | You fall into a shaft and drop 1 floor!
   220 | D:2      | Reached XP level 2. HP: 8/15 MP: 0/8
  1125 | D:1      | Reached XP level 3. HP: 19/19 MP: 6/10
  1567 | D:2      | Found an iron altar of Okawaru.
  1568 | D:2      | Found a stormy altar of Qazlal.
  1750 | D:2      | Reached skill level 5 in Summonings
  2077 | D:2      | Found a snail-covered altar of Cheibriados.
  2776 | D:3      | Reached XP level 4. HP: 8/24 MP: 9/12
  3590 | D:4      | Noticed an ogre
  3596 | D:4      | Learned a level 2 spell: Call Imp
  3602 | D:4      | Killed an ogre
  3602 | D:4      | Reached skill level 5 in Spellcasting
  3611 | D:4      | Learned a level 4 spell: Summon Lightning Spire
  3616 | D:4      | Learned a level 4 spell: Summon Ice Beast
  3621 | D:4      | Noticed an ogre
  3657 | D:4      | Killed an ogre
  3657 | D:4      | Reached XP level 5. HP: 28/28 MP: 8/15
  3963 | D:4      | Learned a level 4 spell: Summon Ice Beast
  3968 | D:4      | Learned a level 3 spell: Call Canine Familiar
  4199 | D:4      | Noticed an ogre
  4210 | D:4      | Killed an ogre
  4210 | D:4      | Reached skill level 6 in Summonings
  4224 | D:4      | Found a staircase to the Ecumenical Temple.
  4422 | D:5      | Entered Level 5 of the Dungeon
  4452 | D:5      | Noticed a sky beast
  4509 | D:5      | Killed a sky beast
  4509 | D:5      | Reached XP level 6. HP: 15/32 MP: 1/17
  4855 | D:5      | HP: 1/32 [gnoll sergeant/+3 spear of piercing (1)]
  5284 | D:5      | HP: 1/32 [gnoll sergeant/+3 spear of piercing (2)]
  5652 | D:5      | Reached skill level 7 in Summonings
  5883 | D:5      | Noticed Grum
  5898 | D:5      | Slain by Grum

Levels and vault maps discovered:
D:1:      kilobyte_arrival_exit_the_forest, layout_basic
D:2:      layout_loops_cross, gammafunk_temple_overflow_forgotten,
          guppyfry_early_orc_mine
D:3:      layout_rooms, hangedman_decor_growths
D:4:      layout_rooms, minmay_temple_entry_ruins, first_ration,
          patterned_corridor
D:5:      layout_cave_pools, kennysheep_mini_moat, serial_gnoll_camp,
          gnoll_camp_huts_moat, gnoll_camp_mini_basic, gnoll_camp_mini_sergeant,
          gnoll_camp_mini_hut, gnoll_camp_mini_hut, grums_kennel,
          lemuel_statue_altar

Skill      XL: |  1  2  3  4  5  6 |
---------------+-------------------+-----
Summonings     | 5 6 7 |  7.1
Spellcasting   | 4 5 6 |  6.7
Dodging        | 3 |  3.0
Fighting       | |  0.1
Stealth        | |  2.9
Unarmed Combat | |  0.1

Action                   |  1- 3 |  4- 6 || total
-------------------------+-------+-------++-------
Melee: Unarmed           |    56 |    13 ||    69
       Spear             |       |    18 ||    18
 Cast: Summon Small Mamm |   108 |    32 ||   140
       Call Imp          |       |    53 ||    53
       Call Canine Famil |       |     5 ||     5
       Summon Lightning  |       |     1 ||     1
  Use: Scroll            |     4 |     4 ||     8
       Potion            |     3 |     1 ||     4
 Stab: Sleeping          |     1 |       ||     1
  Eat: Chunk             |     3 |       ||     3
       Ration            |     1 |     2 ||     3
Armor: Robe              |    19 |    21 ||    40
Dodge: Dodged            |    90 |    55 ||   145
